 Dungeon Crawl Stone Soup version 0.28-a0-199-g298df9dbad (webtiles) character file.

Game seed: 9953934639904531648

519 tilp the Sneak (level 7, -3/31 HPs)
             Began as a Felid Hedge Wizard on Aug 19, 2021.
             Was a Follower of Vehumet.
             Shot with a sling bullet by Joseph (23 damage)
             ... on level 7 of the Dungeon.
             The game lasted 00:24:15 (13348 turns).

tilp the Sneak (Felid Hedge Wizard)                Turns: 13348, Time: 00:24:15

Health: -3/31      AC:  2    Str:  6    XL:     7   Next: 1%
Magic:  14/14      EV: 19    Int: 18    God:    Vehumet [*.....]
Gold:   251        SH:  0    Dex: 15    Spells: 3/14 levels left
                                        Lives:  0   Deaths: 2

rFire   . . .      SeeInvis +     - Unarmed
rCold   . . .      Faith    .   (shield unavailable)
rNeg    + . .      Spirit   .   (armour unavailable)
rPois   .          Reflect  .   (helmet unavailable)
rElec   .          Harm     .   (cloak unavailable)
rCorr   .          Rampage  .   (gloves unavailable)
Will    +....                   (boots unavailable)
Stlth   +++.......              (no amulet)
HPRegen 0.10/turn               d - ring of positive energy
MPRegen 0.14/turn               (no ring)

@: quick
A: very small, claws 1, fangs 3, see invisible, speed 1, shaggy fur 2, stealthy
paws, no weapons or thrown items, no armour, multi-lived
a: Renounce Religion


You were on level 7 of the Dungeon.
You worshipped Vehumet.
Vehumet was aware of your devotion.
You visited 1 branch of the dungeon, and saw 8 of its levels.

You collected 251 gold pieces.

Inventory:

Jewellery
 d - a ring of positive energy (left paw)
 j - an amulet of faith
 k - a ring of ice
Wands
 h - a wand of iceblast (5)
Scrolls
 e - 2 scrolls of noise
 f - a scroll of teleportation
 g - 2 scrolls of torment
Potions
 a - a potion of brilliance
 b - 2 potions of curing
 c - a potion of cancellation
 l - a potion of heal wounds
 m - a potion of resistance


   Skills:
 + Level 3.3 Fighting
 + Level 5.3 Dodging
 + Level 5.6 Stealth
 + Level 4.8 Unarmed Combat
 - Level 4.0 Spellcasting
 - Level 4.0 Conjurations
 - Level 2.0 Summonings
 - Level 1.5 Translocations
 - Level 2.0 Transmutations
 - Level 2.0 Poison Magic
 - Level 4.0 Evocations


You had 3 spell levels left.
You knew the following spells:

 Your Spells              Type           Power      Damage    Failure   Level
a - Magic Dart            Conj           72%        1d6       2%          1
b - Call Imp              Summ           10%        N/A       10%         2
c - Blink                 Tloc           N/A        N/A       12%         2
d - Sting                 Tmut/Pois      40%        1d5       6%          1
e - Poisonous Vapours     Pois/Air       14%        N/A       14%         2
f - Foxfire               Conj/Fire      40%        2x1d6     6%          1
g - Searing Ray           Conj           36%        3d4       4%          2

Your spell library contained the following spells:

 Spells                   Type           Power      Damage    Failure   Level
 Shock                    Conj/Air       40%        1d5       6%          1
 Static Discharge         Conj/Air       10%        N/A       10%         2
 Sandblast                Erth           6%         2d5       14%         1
 Passwall                 Tmut/Erth      5%         N/A       14%         2
 Conjure Flame            Conj/Fire      10%        6-21      19%         3
 Mephitic Cloud           Conj/Pois/Air  10%        N/A       19%         3
 Slow                     Hex            3%         N/A       22%         2
 Gell's Gravitas          Tloc           4%         N/A       24%         3
 Lesser Beckoning         Tloc           4%         N/A       24%         3
 Teleport Other           Tloc           9%         N/A       24%         3
 Ignite Poison            Fire/Tmut/Pois 8%         N/A       26%         3
 Inner Flame              Hex/Fire       3%         N/A       41%         3
 Fulminant Prism          Conj/Hex       5%         3d7       54%         4
 Olgreb's Toxic Radiance  Pois           10%        N/A       54%         4
 Lightning Bolt           Conj/Air       5%         1d17      87%         5
 Bolt of Magma            Conj/Fire/Erth 4%         4d5       94%         5
 Lee's Rapid Deconstruct  Erth           1%         3d5*      99%         5
 Maxwell's Capacitive Co  Air            1%         ∞         100%        8
 Chain Lightning          Conj/Air       5%         3d6       100%        9
 Fire Storm               Conj/Fire      5%         8d1       100%        9


Dungeon Overview and Level Annotations

Branches:
Dungeon (8/15)             Temple (0/1) D:5
   Lair: D:8-11

Altars:
Dithmenos
Fedhas
Qazlal
Vehumet

Shops:
D:3 (

Annotations:
D:2 1 runed translucent door, Crazy Yiuf
D:5 Blork the orc
D:7 exclusions: 3 killer bees, kobold and 3 wights, Dowan, Duvessa, Joseph, Menkaure
D:8 Maggie


Innate Abilities, Weirdness & Mutations

You have sharp claws.
You have razor-sharp teeth.
You have supernaturally acute eyesight. (SInv)
You cover ground quickly. (Speed+)
You are covered in thick fur. (AC +2)
Your paws help you pounce on unaware monsters.
You are incapable of wielding weapons or throwing items.
You cannot wear armour.
You gain extra lives every three experience levels.


Message History

Casting: Foxfire (safe; 6% risk of failure)
Confirm with . or Enter, or press ? or * to list all spells.
You conjure some foxfire!
The foxfire hits Menkaure.
Menkaure is burned terribly!
Menkaure is severely damaged.
There is an open door here.
There is an open door here.
You open the door.
There is an open door here.
There's nothing to close nearby.
You close the door.
You start resting.
HP restored.
You start waiting.
Joseph is nearby!
Joseph is nearby!
Unknown command.
Okay, then.
Aiming: Iceblast
Press: ? - help, Shift-Dir - straight line, f - Joseph
Aim: Joseph, wielding a +0 hunting sling, wearing a +0 leather armour and quivering sling bullets (wandering, hasn't noticed you)
The mass of ice explodes!
The iceblast engulfs Joseph!
Joseph is moderately wounded.
Joseph shouts!
Joseph shoots a sling bullet.
The sling bullet barely misses you.
Aiming: Iceblast
Press: ? - help, Shift-Dir - straight line, f/p - Joseph
Aim: Joseph, wielding a +0 hunting sling, wearing a +0 leather armour and quivering sling bullets (moderately wounded)
The mass of ice explodes!
The iceblast engulfs Joseph!
Joseph is heavily wounded.
Joseph shoots a sling bullet.
The sling bullet hits you!
Unknown command.
Aiming: Iceblast
Press: ? - help, Shift-Dir - straight line, f/p - Joseph
Aim: Joseph, wielding a +0 hunting sling, wearing a +0 leather armour and quivering sling bullets (heavily wounded)
The mass of ice explodes!
The iceblast engulfs Joseph!!
Joseph is severely wounded.
Joseph shoots a sling bullet.
The sling bullet hits you!!
Ouch! That really hurt!
You die...

#########.......#####
.#......#.......#...#
.'......#.......#...#
.#......#.......#...#
##......#.......#...#######
##......#.....###...##....#
.#......#.....#...........#
.#......#.....#.......###.#
.#......#.....#.@.....#[#.#
.'......#.....#...)...###.#
##....###.....#######@....#
############..............#
.......#...#..............#
.......#...#..............#
##.....#...#..............#
##.....'...#......>.......#
########.###..............#


You could see Joseph.

Vanquished Creatures
  Edmund (D:4)
  An orc warrior (D:6)
  A sky beast (D:4)
  2 ogres
  2 phantoms
  A bullfrog (D:8)
  A water moccasin skeleton (D:5)
  5 howler monkeys
  2 bullfrog zombies (D:6)
  3 centaur zombies
  3 hounds
  An orc priest (D:4)
  A centaur skeleton (D:7)
  An iguana (D:4)
  4 orc wizards
  Robin (D:2)
  4 gnolls (D:6)
  A howler monkey skeleton (D:7)
  12 adders
  An ufetubus (D:7)
  An adder skeleton (D:4)
  A worm (D:2)
  4 dart slugs (D:2)
  14 orcs
  7 bats
  6 endoplasms
  4 giant cockroaches
  14 goblins
  7 hobgoblins
  3 jackals (D:5)
  3 quokkas
  9 ball pythons
  4 frilled lizards
  5 kobolds
  7 rats
137 creatures vanquished.

Vanquished Creatures (collateral kills)
  A worm (D:2)
  A bat (D:1)
2 creatures vanquished.

Vanquished Creatures (others)
  An orc (D:8)
  91 foxfires
  4 fungi (D:2)
96 creatures vanquished.

Grand Total: 235 creatures vanquished

Notes
Turn   | Place    | Note
-------+----------+-------------------------------------------
     0 | D:1      | tilp the Felid Hedge Wizard began the quest for the Orb.
     0 | D:1      | Reached XP level 1. HP: 7/7 MP: 5/5
    22 | D:1      | Learned a level 1 spell: Sting
   276 | D:1      | Noticed a golden eye
   283 | D:1      | Noticed a golden eye
   285 | D:1      | Found a faded altar of an unknown god.
   287 | D:1      | Noticed a great orb of eyes
   287 | D:1      | Noticed a great orb of eyes
   349 | D:1      | Reached XP level 2. HP: 11/11 MP: 2/7
   352 | D:1      | Learned a level 2 spell: Blink
   355 | D:1      | Learned a level 2 spell: Call Imp
   434 | D:1      | Reached skill level 1 in Transmutations
  1094 | D:2      | Reached skill level 1 in Poison Magic
  1235 | D:2      | Reached skill level 1 in Unarmed Combat
  1317 | D:2      | Reached XP level 3. HP: 9/14 MP: 3/8
  2265 | D:2      | Reached XP level 4. HP: 18/18 MP: 2/9
  2734 | D:2      | Noticed Robin
  2743 | D:2      | Killed Robin
  3129 | D:2      | Found a runed translucent door.
  3130 | D:2      | Noticed Crazy Yiuf
  3574 | D:3      | Learned a level 2 spell: Poisonous Vapours
  4152 | D:3      | Learned a level 1 spell: Foxfire
  4239 | D:3      | Reached XP level 5. HP: 21/21 MP: 0/10
  4656 | D:3      | Reached skill level 1 in Fighting
  4954 | D:3      | Found a shadowy altar of Dithmenos.
  4954 | D:3      | Found a radiant altar of Vehumet.
  4954 | D:3      | Found a stormy altar of Qazlal.
  4962 | D:3      | Became a worshipper of Vehumet
  5376 | D:3      | Found Tire's Antique Weapon Boutique.
  5891 | D:4      | Noticed a phantom
  6236 | D:4      | Noticed Edmund
  6322 | D:4      | Killed Edmund
  6323 | D:4      | Reached skill level 1 in Conjurations
  6323 | D:4      | Gained mutation: You are covered in thick fur. (AC +2)
                  | [Felid growth]
  6323 | D:4      | Reached XP level 6. HP: 26/26 MP: 1/11
  8266 | D:5      | Entered Level 5 of the Dungeon
  8266 | D:5      | Noticed a sky beast
  8311 | D:4      | Reached XP level 7. HP: 30/30 MP: 8/14
  8390 | D:4      | Reached skill level 1 in Evocations
  9390 | D:5      | Noticed Blork the orc
  9392 | D:5      | Found a staircase to the Ecumenical Temple.
  9436 | D:5      | Learned a level 2 spell: Searing Ray
  9741 | D:6      | Reached * piety under Vehumet
  9741 | D:6      | Offered knowledge of Shock by Vehumet.
 10311 | D:6      | Reached XP level 8. HP: 33/33 MP: 0/15
 11509 | D:6      | Found a blossoming altar of Fedhas.
 11710 | D:7      | Noticed Dowan
 11712 | D:7      | Noticed Duvessa
 11979 | D:7      | You fall into a shaft and drop 1 floor!
 11985 | D:8      | Noticed Maggie
 12008 | D:8      | Reached skill level 5 in Stealth
 12017 | D:8      | Killed from afar by Maggie
 12018 | D:8      | Reached XP level 7. HP: -5/30 MP: 5/14
 12019 | D:8      | Noticed a two-headed ogre
 12021 | D:8      | Noticed a hornet
 12627 | D:7      | Reached skill level 5 in Dodging
 12744 | D:7      | Killed from afar by an orc wizard
 12745 | D:7      | Reached XP level 6. HP: -3/28 MP: 3/13
 13122 | D:7      | Reached XP level 7. HP: 31/31 MP: 9/14
 13172 | D:7      | Noticed Menkaure
 13173 | D:7      | Noticed Joseph
 13348 | D:7      | Shot with a sling bullet by Joseph

Illustrated notes

Levels and vault maps discovered:
D:1:      dpeg_arrival_more_subterranean_lakeside_camping, layout_rooms,
          hellmonk_ecumenical_altar_watching_god
D:2:      layout_loops_corners, minmay_tall_x, uniq_crazy_yiuf_cottage,
          uniq_robin
D:3:      layout_loops_corners, gammafunk_temple_overflow_claw, serial_shops,
          shop
D:4:      layout_loops_cross, uniq_edmund
D:5:      layout_cave_pools, minmay_temple_entry_crystal_x,
          minmay_misc_feat_nine_boxes, kennysheep_small_spiral,
          uniq_blork_the_orc
D:6:      layout_basic, fedhas_altar_fruit_tree
D:7:      layout_gridville, item_on_display_b, uniq_joseph, uniq_menkaure,
          uniq_duvessa
D:8:      layout_basic, special_room [special_room_orc], kennysheep_doodads,
          minmay_misc_feat_encased, hangedman_misty_isle, uniq_maggie

Skill      XL: |  1  2  3  4  5  6  7  8 |
---------------+-------------------------+-----
Transmutations | 1 2 |  2.0
Poison Magic   | 1 2 |  2.0
Unarmed Combat | 1 2 3 4 |  4.8
Summonings     | 2 |  2.0
Dodging        | 3 4 5 |  5.3
Stealth        | 3 4 5 |  5.6
Fighting       | 2 3 |  3.3
Conjurations   | 1 2 3 4 |  4.0
Spellcasting   | 4 |  4.0
Evocations     | 4 |  4.0
Translocations | |  1.5

Action                   |  1- 3 |  4- 6 |  7- 9 || total
-------------------------+-------+-------+-------++-------
Melee: Unarmed           |    26 |    57 |    78 ||   161
       Bite              |     1 |     5 |     4 ||    10
       Punch             |       |       |     1 ||     1
 Cast: Sting             |    33 |    64 |    26 ||   123
       Magic Dart        |    35 |    45 |     6 ||    86
       Call Imp          |     3 |     6 |     1 ||    10
       Poisonous Vapours |       |    42 |    54 ||    96
       Blink             |       |     1 |     6 ||     7
       Foxfire           |       |    21 |    32 ||    53
       Searing Ray       |       |       |    13 ||    13
Evoke: Wand              |       |       |     4 ||     4
  Use: Scroll            |     1 |    12 |     4 ||    17
       Potion            |       |       |     1 ||     1
 Stab: Sleeping          |       |     6 |     2 ||     8
Armor: Skin              |     2 |     1 |    11 ||    14
Dodge: Dodged            |    31 |    47 |   116 ||   194

Table legend: (Time is in decaauts)
 A = Elapsed time spent in this place.
 B = Non-inter-level travel time spent in this place.
 C = Inter-level travel time spent in this place.
 D = Time resting spent in this place.
 E = Time spent auto-exploring this place.
 F = Levels seen in this place.
 G = Mean time per level.
                   A        B        C        D        E       F      G
               +--------+--------+--------+--------+--------+-----+--------+
         Total |  12179 |  11673 |    506 |   4918 |   5190 |   8 | 1522.4 |
       Dungeon |  12179 |  11673 |    506 |   4918 |   5190 |   8 | 1522.4 |
               +--------+--------+--------+--------+--------+-----+--------+

Top non-repeatable levels by time:
     D:4: 2899 daAuts
     D:2: 2415 daAuts
     D:6: 2410 daAuts
     D:3: 1665 daAuts
     D:1: 1008 daAuts
     D:5: 870 daAuts
     D:7: 870 daAuts
     D:8: 40 daAuts
